 Dungeon Crawl Stone Soup version 0.32-a0-41-gec2d92a32c (webtiles) character file.

Game seed: 326732298526926456

516 CougarLife the Shield-Bearer (level 7, -8/60 HPs)
             Began as a Gnoll Fighter on Jan 26, 2024.
             Mangled by an orc warrior
             ... wielding a +0 mace
              (13 damage)
             ... on level 4 of the Dungeon.
             The game lasted 00:04:13 (4167 turns).

CougarLife the Shield-Bearer (Gnoll Fighter)        Turns: 4167, Time: 00:04:14

Health: -8/60      AC:  7    Str: 17    XL:     7   Next: 20%
Magic:  10/10      EV: 10    Int:  8    God:
Gold:   216        SH:  5    Dex: 11    Spells: 10/10 levels left

rFire   . . .        a - +0 war axe
rCold   + . .        c - +0 buckler
rNeg    . . .        b - +0 scale mail
rPois   .            (no helmet)
rElec   .            (no cloak)
rCorr   .            (no gloves)
SInv    .            (no boots)
Will    .....        l - amulet of the acrobat
Stlth   +            j - ring of protection from cold
HPRegen 0.30/turn    (no ring)
MPRegen 0.12/turn

%: acrobat
@: no status effects
A: fangs 1, strong nose, distributed training
a: no special abilities


You were on level 4 of the Dungeon.
You visited 1 branch of the dungeon, and saw 4 of its levels.

You collected 216 gold pieces.

Inventory:

Hand Weapons
 a - a +0 war axe (weapon)
Missiles
 n - 6 poisoned darts (quivered)
Armour
 b - a +0 scale mail (worn)
 c - a +0 buckler (worn)
Jewellery
 j - a ring of protection from cold (left hand)
 l - an amulet of the acrobat (around neck)
 t - a +4 ring of protection
Wands
 q - a wand of iceblast (4)
Scrolls
 d - a scroll of poison {unknown}
 e - 2 scrolls of enchant weapon {unknown}
 i - a scroll of noise {unknown}
 k - 4 scrolls of identify {unknown}
 m - 2 scrolls of revelation {unknown}
 p - a scroll of torment {unknown}
 r - a scroll of teleportation {unknown}
Potions
 f - 3 potions of curing {unknown}
 g - a potion of mutation {unknown}
 h - a potion of resistance {unknown}
 o - a potion of brilliance {unknown}
 s - a potion of degeneration {unknown}


   Skills:
 + Level 7.0 Fighting
 + Level 2.4 Short Blades
 + Level 2.4 Long Blades
 + Level 5.2 Axes
 + Level 2.4 Maces & Flails
 + Level 2.4 Polearms
 + Level 2.4 Staves
 + Level 2.4 Ranged Weapons
 + Level 2.4 Throwing
 + Level 7.0 Armour
 + Level 2.4 Dodging
 + Level 2.4 Stealth
 + Level 7.0 Shields
 + Level 2.4 Unarmed Combat
 + Level 2.4 Spellcasting
 + Level 2.0 Conjurations
 + Level 2.0 Hexes
 + Level 2.0 Summonings
 + Level 2.0 Necromancy
 + Level 2.0 Translocations
 + Level 2.0 Fire Magic
 + Level 2.0 Ice Magic
 + Level 2.0 Air Magic
 + Level 2.0 Earth Magic
 + Level 2.0 Alchemy
 + Level 2.7 Invocations
 + Level 2.4 Evocations
 + Level 2.2 Shapeshifting


You had 10 spell levels left.
You didn't know any spells.
Your spell library was empty.

Dungeon Overview and Level Annotations

Branches:
Dungeon (4/15)
 Temple: D:4-7

Altars:
Gozag
Zin

Shops:
D:2 (

Annotations:
D:4 knightboat's ghost, amateur DjSh


Innate Abilities, Weirdness & Mutations

You have very sharp teeth.
Your uncanny sense of smell can sniff out nearby items.
Your experience applies equally to all skills.


Message History

The orc warrior hits you with a +0 mace.
* * * LOW HITPOINT WARNING * * *
Knightboat's ghost hits you but does no damage.
You block the adder's attack.
You miss the adder.
The adder is heavily wounded.
You hit knightboat's ghost. You hit the orc warrior.
The orc warrior barely misses you. You block knightboat's ghost's attack.
The adder barely misses you.
The orc warrior hits you with a +0 mace.
* * * LOW HITPOINT WARNING * * *
Knightboat's ghost hits you but does no damage.
You hit the adder.
The adder is severely wounded.
You hit knightboat's ghost. You closely miss the orc warrior.
The adder bites you but does no damage. You block the adder's attack.
Knightboat's ghost hits you.
* * * LOW HITPOINT WARNING * * *
You block the orc warrior's attack.
You barely miss the adder. Your bite misses the adder.
The adder is severely wounded.
You closely miss knightboat's ghost. You hit the orc warrior.
You block the adder's attack. You block the orc warrior's attack.
Knightboat's ghost hits you but does no damage.
The adder barely misses you.
You barely miss the adder.
The adder is severely wounded.
You hit knightboat's ghost.
You hit the orc warrior but do no damage.
You block the orc warrior's attack. Knightboat's ghost barely misses you.
You block the adder's attack.
You barely miss the adder.
The adder is severely wounded.
You hit knightboat's ghost. You barely miss the orc warrior.
The adder bites you but does no damage. The orc warrior barely misses you.
Knightboat's ghost hits you.
* * * LOW HITPOINT WARNING * * *
The adder barely misses you.
The orc warrior hits you with a +0 mace!
You die...

#.##.##########.#......# #.####
#.#......)......#.##.### #.....
#.#..############.##.# ######
#.#..# #.......##.# #.#..#
#.##########
#.#..######.....##.8.##
#.#.........##..#.$...#
#.#.#######..#..W....8# #[#.#
#....@S._8.∩#
#...#######.##..o..$.8#########
##..........##..#$..$∩#)......#
#.########.##..##.8∩########.#
#.# #...######## #.# #.#####
#.##)#.###.##### #.#
#.#...####..............# #.#
#.#.........##.####.###.# #.#
#....................##.####.##


You could see an orc warrior, knightboat's ghost and an adder.

Vanquished Creatures
  Sigmund (D:4)
  A phantom (D:4)
  A hound (D:4)
  An orc priest (D:4)
  Ijyb (D:4)
  An orc wizard (D:4)
  A sleepcap (D:4)
  3 gnolls
  4 adders
  2 ribbon worms
  2 dart slugs (D:3)
  6 orcs (D:4)
  5 bats
  7 endoplasms
  4 giant cockroaches
  11 goblins
  5 hobgoblins
  5 jackals
  5 kobolds
  A quokka (D:1)
  6 ball pythons
  4 frilled lizards
  5 rats
82 creatures vanquished.

Notes
Turn   | Place    | Note
-------+----------+-------------------------------------------
     0 | D:1      | CougarLife the Gnoll Fighter began the quest for the Orb.
     0 | D:1      | Reached XP level 1. HP: 23/23 MP: 1/1
   250 | D:1      | Reached XP level 2. HP: 29/29 MP: 2/2
   902 | D:1      | Reached XP level 3. HP: 35/35 MP: 3/3
  1278 | D:1      | Reached skill level 1 in Invocations
  1377 | D:2      | Reached skill level 1 in Short Blades
  1377 | D:2      | Reached skill level 1 in Long Blades
  1377 | D:2      | Reached skill level 1 in Maces & Flails
  1377 | D:2      | Reached skill level 1 in Polearms
  1377 | D:2      | Reached skill level 1 in Staves
  1377 | D:2      | Reached skill level 1 in Ranged Weapons
  1377 | D:2      | Reached skill level 1 in Throwing
  1377 | D:2      | Reached skill level 1 in Dodging
  1377 | D:2      | Reached skill level 1 in Stealth
  1377 | D:2      | Reached skill level 1 in Unarmed Combat
  1377 | D:2      | Reached skill level 1 in Spellcasting
  1377 | D:2      | Reached skill level 1 in Evocations
  1382 | D:2      | Reached skill level 1 in Shapeshifting
  1382 | D:2      | Reached XP level 4. HP: 38/41 MP: 5/5
  1453 | D:2      | Found Juwug Xah's Weapon Emporium.
  1669 | D:2      | Reached skill level 1 in Conjurations
  1669 | D:2      | Reached skill level 1 in Hexes
  1669 | D:2      | Reached skill level 1 in Summonings
  1669 | D:2      | Reached skill level 1 in Necromancy
  1669 | D:2      | Reached skill level 1 in Translocations
  1669 | D:2      | Reached skill level 1 in Fire Magic
  1669 | D:2      | Reached skill level 1 in Ice Magic
  1669 | D:2      | Reached skill level 1 in Air Magic
  1669 | D:2      | Reached skill level 1 in Earth Magic
  1669 | D:2      | Reached skill level 1 in Alchemy
  2306 | D:3      | Found a glowing silver altar of Zin.
  2306 | D:3      | Noticed an angel
  2417 | D:3      | Reached XP level 5. HP: 39/47 MP: 5/7
  3145 | D:4      | Noticed a phantom
  3153 | D:4      | Killed a phantom
  3154 | D:4      | Reached XP level 6. HP: 52/53 MP: 8/8
  3205 | D:4      | Found a runed translucent gate.
  3217 | D:4      | Found a runed translucent gate.
  3217 | D:4      | Found an opulent altar of Gozag.
  3218 | D:4      | Found a runed translucent gate.
  3223 | D:4      | Noticed an orc warrior
  3223 | D:4      | Noticed knightboat's ghost (amateur DjSh)
  3343 | D:4      | Reached skill level 5 in Axes
  3766 | D:4      | Noticed Sigmund
  3775 | D:4      | Killed Sigmund
  3776 | D:4      | Reached XP level 7. HP: 42/60 MP: 10/10
  4017 | D:4      | Noticed Ijyb
  4029 | D:4      | Killed Ijyb
  4167 | D:4      | Mangled by an orc warrior

Illustrated notes

Levels and vault maps discovered:
D:1:      psy_arrival_statuary, layout_basic,
          wander_ebering_terrifying_dragon_lair
D:2:      layout_basic, serial_shops, nicolae_shop_trees, minmay_misc_feat_chi
D:3:      layout_basic, zin_angel, chequers_decorated_corner,
          kennysheep_generic_room_10
D:4:      layout_loops_ring, ebering_ghost_gozag, uniq_sigmund, uniq_ijyb

Skill      XL: |  1  2  3  4  5  6  7 |
---------------+----------------------+-----
Invocations    | 1 2 |  2.7
Short Blades   | 1 2 |  2.4
Long Blades    | 1 2 |  2.4
Maces & Flails | 1 2 |  2.4
Polearms       | 1 2 |  2.4
Staves         | 1 2 |  2.4
Ranged Weapons | 1 2 |  2.4
Throwing       | 1 2 |  2.4
Dodging        | 1 2 |  2.4
Stealth        | 1 2 |  2.4
Unarmed Combat | 1 2 |  2.4
Spellcasting   | 1 2 |  2.4
Evocations     | 1 2 |  2.4
Shapeshifting  | 1 2 |  2.2
Conjurations   | 1 2 |  2.0
Hexes          | 1 2 |  2.0
Summonings     | 1 2 |  2.0
Necromancy     | 1 2 |  2.0
Translocations | 1 2 |  2.0
Fire Magic     | 1 2 |  2.0
Ice Magic      | 1 2 |  2.0
Air Magic      | 1 2 |  2.0
Earth Magic    | 1 2 |  2.0
Alchemy        | 1 2 |  2.0
Axes           | 5 |  5.2
Fighting       | 7 |  7.0
Armour         | 7 |  7.0
Shields        | 7 |  7.0

Action                     |  1- 3 |  4- 6 |  7- 9 || total
---------------------------+-------+-------+-------++-------
  Melee: War axe           |    77 |   183 |    21 ||   281
         Bite              |     7 |    15 |     3 ||    25
    Use: Potion            |       |     1 |       ||     1
 Armour: Scale mail        |    51 |   144 |    33 ||   228
  Dodge: Dodged            |    32 |    60 |    14 ||   106
  Block: Buckler           |    19 |    42 |    13 ||    74

Table legend: (Time is in decaauts)
 A = Elapsed time spent in this place.
 B = Non-inter-level travel time spent in this place.
 C = Inter-level travel time spent in this place.
 D = Time resting spent in this place.
 E = Time spent auto-exploring this place.
 F = Levels seen in this place.
 G = Mean time per level.
                   A        B        C        D        E       F      G
               +--------+--------+--------+--------+--------+-----+--------+
         Total |   4249 |   4179 |     70 |    278 |   3258 |   4 | 1062.2 |
       Dungeon |   4249 |   4179 |     70 |    278 |   3258 |   4 | 1062.2 |
               +--------+--------+--------+--------+--------+-----+--------+

Top non-repeatable levels by time:
     D:1: 1384 daAuts
     D:4: 1137 daAuts
     D:2: 928 daAuts
     D:3: 798 daAuts
